Map: [ESL] Ancient Cistern

Players

GunGFuBanDa

  • Race: Protoss Protoss
  • Spawn Location: 7:00

MaNa - Winner!

  • Race: Protoss Protoss
  • Spawn Location: 1:00

Event: ESL SC2 Masters 2023 Summer (Regionals)

VOD

Have the link to the VOD?

Description

Time

  • Played on: May 9, 2023, 9:54 a.m.
  • Length: 12:37

All games in this series

Show
View Real Time Build Order
Export as new Build Order

GunGFuBanDa Protoss 

Build Orders: Blink Stalkers 

Get SALT Encoding   

  12  0:00  Probe  
  13  0:12  Probe  
  14  0:17  Pylon  
  14  0:24  Probe (Chrono Boost)  
  15  0:37  Probe (Chrono Boost), Gateway  
  16  0:43  Probe (Chrono Boost)  
  16  0:46  Assimilator  
  17  0:51  Probe (Chrono Boost)  
  17  0:54  Assimilator  
  18  1:03  Probe (Chrono Boost)  
  19  1:07  Gateway  
  19  1:12  Probe (Chrono Boost)  
  19  1:18  Probe  
  21  1:25  Cybernetics Core  
  21  1:30  Probe  
  22  1:34  Pylon  
  22  1:42  Probe  
  23  1:54  Probe  
  24  2:02  Warp Gate, Stalker, Sentry  
  24  2:08  Probe  
  29  2:16  Pylon  
  29  2:20  Probe  
  30  2:38  Nexus  
  30  2:43  Stalker  
  31  2:50  Stalker  
  33  2:57  Shield Battery  
  33  3:01  Probe  
  34  3:13  Probe  
  34  3:18  Twilight Council  
  35  3:25  Probe (Chrono Boost)  
  36  3:34  Pylon  
  36  3:37  Probe (Chrono Boost)  
  37  3:42  Probe (Chrono Boost)  
  38  3:49  Blink (Chrono Boost)  
  38  3:51  Probe  
  38  3:52  Probe, Stalker x2  
  44  4:03  Probe  
  44  4:07  Probe  
  46  4:16  Stalker x2  
  50  4:17  Probe  
  50  4:19  Probe  
  52  4:29  Probe  
  53  4:32  Pylon  
  54  4:38  Probe  
  54  4:42  Probe  
  55  4:47  Stalker x2  
  55  4:50  Probe  
  60  4:54  Probe  
  60  4:55  Robotics Facility  
  61  5:02  Nexus  
  61  5:04  Probe  
  62  5:11  Probe  
  63  5:16  Stalker  
  63  5:17  Stalker  
  63  5:18  Pylon  
  63  5:20  Probe  
  68  5:27  Probe, Forge  
  69  5:32  Probe, Pylon  
  70  5:39  Probe, Assimilator  
  70  5:41  Adept x2  
  71  6:00  Probe  
  71  6:02  Probe (Chrono Boost)  
  71  6:03  Protoss Ground Weapons Level 1  
  70  6:04  Stalker x2  
  74  6:12  Probe (Chrono Boost)  
  74  6:14  Observer  
  74  6:20  Probe (Chrono Boost)  
  74  6:21  Probe (Chrono Boost)  
  74  6:22  Probe (Chrono Boost), Shield Battery  
  75  6:27  Probe x3 (Chrono Boost)  
  75  6:30  Assimilator  
  78  6:33  Robotics Bay  
  78  6:36  Stalker x2  
  78  6:38  Probe x2  
  78  6:39  Probe  
  83  6:43  Shield Battery  
  73  6:50  Probe x2  
  69  6:59  Stalker x2  
  76  7:02  Probe (Chrono Boost)  
  76  7:03  Probe x2 (Chrono Boost)  
  78  7:12  Probe (Chrono Boost)  
  78  7:13  Probe (Chrono Boost)  
  78  7:14  Probe (Chrono Boost), Gateway  
  81  7:16  Gateway  
  81  7:17  Probe (Chrono Boost)  
  81  7:18  Probe (Chrono Boost)  
  81  7:19  Pylon  
  81  7:21  Disruptor (Chrono Boost)  
  79  7:22  Sentry  
  79  7:23  Probe, Stalker  
  79  7:29  Probe  
  88  7:30  Assimilator  
  88  7:38  Gateway  
  88  7:39  Gateway  
  88  7:45  Shield Battery  
  88  7:46  Stalker x2  
  88  7:49  Disruptor (Chrono Boost), Protoss Ground Weapons Level 2 (Chrono Boost)  
  95  7:59  Probe, Assimilator  
  95  8:01  Pylon  
  95  8:02  Photon Cannon  
  95  8:03  Pylon  
  94  8:15  Disruptor (Chrono Boost)  
  94  8:17  Stalker x3  
  94  8:18  Stalker  
  101  8:34  Pylon  
  101  8:36  Shield Battery  
  101  8:38  Pylon, Stalker, Sentry  
  105  8:41  Photon Cannon  
  105  8:45  Pylon  
  105  8:48  Disruptor, Photon Cannon  
  105  8:54  Pylon  
  108  9:09  Stalker x4, Assimilator  
  114  9:13  Stalker  
  116  9:18  Stalker  
  118  9:24  Disruptor  
  121  9:32  Nexus  
  117  9:38  Stalker x2  
  117  9:39  Stalker  
  117  9:41  Shield Battery  
  117  9:42  Probe  
  117  9:43  Probe, Shield Battery  
  125  9:45  Photon Cannon  
  121  9:53  Probe  
  121  9:55  Pylon  
  121  9:57  Dark Shrine  
  122  10:00  Disruptor  
  112  10:08  Stalker x5  
  112  10:11  Stalker  
  124  10:23  Probe x2  
  124  10:27  Probe  
  127  10:35  Probe x2, Disruptor  
  127  10:40  Probe  
  125  10:53  Probe  
  123  11:07  Zealot x5  
  133  11:17  Pylon x2  
  133  11:18  Pylon  
  133  11:19  Pylon  
  133  11:32  Disruptor (Chrono Boost)  
  133  11:35  Pylon, Dark Templar x4  
  133  11:38  Stalker x2  
  148  11:41  Photon Cannon  
  148  11:42  Photon Cannon, Shield Battery  
  148  11:44  Pylon  
  148  11:48  Assimilator  
  148  12:00  Disruptor (Chrono Boost)  
  137  12:04  Probe x2, Stalker  
  137  12:05  Stalker  
  130  12:12  Probe  
  118  12:20  Probe x2  
  114  12:27  Stalker x6  
Show
View Real Time Build Order
Export as new Build Order

MaNa Protoss - Winner!

Build Orders: Phoenix Opening, Blink Stalkers 

Get SALT Encoding   

  12  0:00  Probe  
  13  0:12  Probe  
  14  0:17  Pylon  
  14  0:24  Probe (Chrono Boost)  
  16  0:36  Probe (Chrono Boost)  
  16  0:38  Gateway  
  16  0:42  Probe (Chrono Boost)  
  16  0:46  Assimilator  
  17  0:51  Probe  
  18  1:03  Probe (Chrono Boost)  
  19  1:04  Assimilator  
  19  1:10  Gateway  
  20  1:12  Probe (Chrono Boost)  
  20  1:17  Probe (Chrono Boost)  
  20  1:25  Cybernetics Core  
  21  1:29  Probe  
  22  1:33  Pylon  
  22  1:41  Probe  
  23  1:53  Probe  
  24  1:58  Warp Gate (Chrono Boost)  
  24  2:01  Stalker  
  26  2:04  Sentry  
  26  2:05  Probe  
  29  2:09  Pylon  
  29  2:18  Shield Battery  
  29  2:27  Stalker  
  31  2:31  Probe, Stalker  
  31  2:34  Phoenix  
  34  2:52  Nexus  
  34  2:55  Probe  
  35  3:03  Pylon  
  35  3:04  Sentry  
  37  3:08  Probe  
  38  3:16  Twilight Council  
  38  3:20  Probe (Chrono Boost)  
  39  3:31  Probe (Chrono Boost)  
  40  3:36  Probe (Chrono Boost)  
  40  3:37  Phoenix  
  40  3:38  Forge  
  41  3:41  Stalker  
  41  3:47  Probe  
  44  3:54  Blink (Chrono Boost)  
  44  4:01  Probe (Chrono Boost)  
  45  4:05  Probe (Chrono Boost)  
  45  4:09  Stalker, Protoss Ground Weapons Level 1 (Chrono Boost)  
  48  4:16  Probe x2 (Chrono Boost)  
  50  4:20  Stalker  
  50  4:22  Phoenix, Probe  
  50  4:23  Probe (Chrono Boost)  
  54  4:28  Shield Battery  
  54  4:35  Probe (Chrono Boost)  
  56  4:41  Probe (Chrono Boost), Pylon  
  56  4:47  Probe (Chrono Boost), Robotics Facility  
  56  4:49  Probe (Chrono Boost)  
  58  4:53  Stalker x2  
  62  5:00  Pylon  
  62  5:02  Probe x2  
  64  5:13  Nexus  
  64  5:19  Adept x2  
  64  5:21  Probe  
  69  5:22  Probe  
  69  5:25  Shield Battery  
  70  5:34  Pylon, Observer  
  70  5:35  Probe x2  
  73  5:40  Stalker x2  
  77  5:47  Probe  
  78  5:50  Probe  
  77  5:59  Probe  
  77  6:03  Probe  
  79  6:05  Stalker x2  
  79  6:10  Protoss Ground Weapons Level 2 (Chrono Boost)  
  79  6:11  Probe  
  84  6:15  Probe  
  85  6:19  Gateway  
  85  6:22  Gateway, Assimilator  
  85  6:23  Probe  
  85  6:25  Assimilator  
  86  6:27  Probe x2  
  86  6:31  Stalker  
  90  6:35  Probe  
  90  6:39  Probe  
  90  6:42  Probe  
  90  6:44  Stalker  
  89  6:47  Probe  
  82  6:57  Probe x2, Stalker  
  82  6:59  Probe  
  85  7:01  Gateway  
  85  7:03  Gateway  
  85  7:06  Gateway  
  85  7:09  Probe, Charge (Chrono Boost), Photon Cannon, Stalker  
  85  7:12  Nexus  
  85  7:14  Photon Cannon  
  88  7:17  Stalker  
  88  7:18  Stalker  
  88  7:21  Pylon  
  92  7:23  Probe x2  
  92  7:24  Observer  
  92  7:29  Photon Cannon  
  95  7:30  Stalker  
  97  7:40  Adept x2  
  101  7:44  Pylon, Photon Cannon  
  101  7:46  Pylon  
  101  7:47  Stalker  
  101  7:51  Probe x3  
  106  7:56  Pylon, Gateway  
  106  7:58  Pylon  
  106  8:06  Stalker x3  
  108  8:13  Probe  
  108  8:17  Probe  
  108  8:18  Warp Prism (Chrono Boost)  
  108  8:22  Protoss Ground Weapons Level 3 (Chrono Boost)  
  108  8:27  Stalker x4  
  116  8:38  Nexus  
  116  8:43  Gateway  
  116  8:45  Probe x3, Gateway  
  116  8:46  Probe  
  120  8:57  Probe  
  121  9:08  Stalker  
  121  9:09  Stalker x7  
  135  9:12  Assimilator  
  135  9:17  Shield Battery  
  135  9:18  Pylon  
  133  9:36  Stalker x6  
  145  9:38  Zealot x3  
  145  9:39  Probe x3  
  145  9:40  Probe  
  145  9:42  Photon Cannon  
  149  10:03  Stalker x7  
  149  10:04  Stalker  
  149  10:06  Probe x3, Pylon  
  158  10:20  Warp Prism  
  156  10:22  Photon Cannon  
  156  10:23  Assimilator  
  156  10:27  Zealot x8  
  172  10:29  Zealot  
  174  10:42  Stalker  
  174  10:49  Stalker x7  
  186  10:56  Observer  
  171  11:14  Stalker x8  
  171  11:17  Photon Cannon  
  187  11:20  Shield Battery  
  187  11:22  Pylon  
  187  11:24  Pylon  
  187  11:43  Stalker x6  
  169  12:03  Stalker x4  
  157  12:08  Observer  
  157  12:11  Stalker x3  
  157  12:12  Stalker x2  
  157  12:13  Probe  
  156  12:19  Assimilator  
  156  12:21  Photon Cannon  
  156  12:22  Zealot, Photon Cannon  
  148  12:26  Zealot x4  
Tags
 
Add a new tag
Caveats
  • Supply blocks, unpowered buildings, or Contaminate may cause inaccurate times.
  • Supply counts are checked every 10 seconds.